Map: [ESL] Ancient Cistern

Players

Astrea

  • Race: Protoss Protoss
  • Spawn Location: 7:00

Kelazhur - Winner!

  • Race: Terran Terran
  • Spawn Location: 1:00

Event: ESL SC2 Masters 2023 Summer (Regionals)

VOD

Have the link to the VOD?

Description

Time

  • Played on: May 11, 2023, 4:08 p.m.
  • Length: 31:12

All games in this series

Show
View Real Time Build Order
Export as new Build Order

Astrea Protoss 

Build Orders: 1 Gate Expand, Phoenix Opening 

Get SALT Encoding   

  12  0:00  Probe  
  13  0:12  Probe  
  14  0:17  Pylon  
  14  0:24  Probe (Chrono Boost)  
  15  0:36  Probe (Chrono Boost)  
  15  0:37  Gateway  
  16  0:44  Probe (Chrono Boost)  
  16  0:47  Assimilator  
  17  0:51  Probe  
  18  1:03  Probe  
  19  1:15  Probe  
  20  1:23  Cybernetics Core  
  20  1:32  Nexus  
  20  1:35  Probe  
  21  1:42  Pylon  
  21  1:47  Probe  
  21  1:49  Assimilator  
  22  1:57  Adept (Chrono Boost)  
  22  1:59  Probe  
  25  2:09  Shield Battery  
  25  2:12  Probe  
  28  2:24  Probe (Chrono Boost)  
  28  2:25  Stargate  
  29  2:33  Warp Gate  
  29  2:35  Probe (Chrono Boost)  
  30  2:41  Probe (Chrono Boost)  
  31  2:44  Probe (Chrono Boost)  
  31  2:53  Probe (Chrono Boost)  
  31  2:54  Probe (Chrono Boost)  
  32  2:59  Nexus  
  32  3:03  Probe  
  32  3:05  Probe  
  34  3:11  Phoenix (Chrono Boost)  
  36  3:17  Shield Battery  
  36  3:19  Probe  
  37  3:20  Probe  
  38  3:30  Gateway  
  38  3:31  Probe  
  38  3:32  Probe  
  40  3:36  Phoenix (Chrono Boost)  
  40  3:40  Gateway  
  42  3:43  Probe  
  42  3:44  Probe  
  42  3:48  Pylon  
  44  3:52  Pylon  
  44  3:55  Probe  
  45  3:56  Probe  
  46  4:05  Phoenix (Chrono Boost)  
  46  4:07  Probe  
  49  4:10  Probe  
  50  4:18  Probe  
  50  4:19  Probe  
  50  4:22  Phoenix (Chrono Boost)  
  50  4:23  Adept  
  56  4:24  Probe  
  56  4:29  Stalker  
  56  4:30  Probe  
  60  4:31  Probe  
  60  4:33  Assimilator  
  60  4:34  Stalker  
  60  4:38  Probe  
  64  4:39  Pylon  
  64  4:43  Probe  
  65  4:46  Phoenix, Probe  
  65  4:50  Probe  
  69  4:56  Stalker x2  
  72  5:08  Pylon  
  72  5:11  Stalker  
  70  5:23  Stalker x2  
  63  5:37  Stalker  
  63  5:40  Probe  
  63  5:41  Probe  
  59  5:43  Probe  
  59  5:49  Stalker x2  
  64  5:52  Probe  
  64  5:53  Probe  
  64  5:55  Probe, Robotics Facility, Assimilator  
  62  6:04  Probe (Chrono Boost)  
  62  6:05  Probe (Chrono Boost)  
  62  6:08  Probe (Chrono Boost)  
  58  6:16  Probe (Chrono Boost)  
  58  6:17  Phoenix, Probe (Chrono Boost)  
  63  6:19  Probe (Chrono Boost)  
  63  6:20  Sentry  
  63  6:23  Probe x2 (Chrono Boost)  
  63  6:24  Probe (Chrono Boost)  
  67  6:25  Forge  
  67  6:27  Twilight Council  
  67  6:30  Probe (Chrono Boost), Pylon  
  67  6:31  Probe (Chrono Boost)  
  70  6:34  Probe (Chrono Boost)  
  71  6:42  Probe (Chrono Boost)  
  71  6:43  Probe (Chrono Boost)  
  71  6:44  Probe (Chrono Boost)  
  71  6:46  Robotics Bay  
  76  6:47  Probe x2 (Chrono Boost)  
  76  6:49  Probe (Chrono Boost)  
  76  6:50  Observer (Chrono Boost)  
  76  6:52  Nexus  
  80  6:56  Probe, Protoss Ground Weapons Level 1 (Chrono Boost)  
  80  6:58  Probe  
  80  7:00  Probe  
  83  7:02  Charge (Chrono Boost)  
  81  7:08  Probe  
  81  7:09  Immortal (Chrono Boost)  
  81  7:10  Probe  
  81  7:13  Probe  
  88  7:16  Gateway  
  88  7:18  Gateway  
  88  7:19  Gateway  
  88  7:21  Probe, Observer  
  88  7:22  Probe  
  90  7:25  Probe, Pylon  
  91  7:30  Sentry  
  91  7:31  Observer  
  91  7:33  Probe  
  91  7:34  Probe  
  91  7:35  Gateway x2  
  95  7:37  Probe  
  95  7:41  Colossus (Chrono Boost)  
  96  7:44  Pylon  
  96  7:45  Probe  
  96  7:46  Probe  
  104  7:53  Zealot x2  
  108  7:59  Pylon, Observer, Shield Battery  
  108  8:03  Extended Thermal Lance  
  108  8:05  Probe  
  109  8:08  Gateway  
  109  8:11  Zealot  
  109  8:12  Zealot  
  113  8:14  Gateway  
  113  8:15  Probe x2  
  113  8:16  Colossus (Chrono Boost)  
  113  8:17  Blink  
  115  8:20  Pylon  
  115  8:24  Probe  
  121  8:27  Pylon  
  121  8:29  Zealot x4  
  121  8:33  Pylon  
  129  8:37  Zealot x2  
  129  8:40  Protoss Ground Armor Level 1 (Chrono Boost)  
  133  8:42  Pylon  
  133  8:48  Zealot x2  
  133  8:51  Photon Cannon  
  133  8:52  Pylon, Shield Battery  
  137  8:58  Zealot x4  
  137  8:59  Pylon  
  143  9:12  Probe  
  138  9:18  Warp Prism  
  138  9:20  Stalker x8  
  156  9:34  Pylon  
  154  9:40  Pylon  
  154  9:42  Stalker x2  
  154  9:44  Zealot, Stalker x5  
  154  9:45  Zealot  
  172  9:52  Nexus  
  172  9:58  Pylon  
  172  10:08  Colossus (Chrono Boost)  
  172  10:09  Forge  
  173  10:22  Zealot x7  
  173  10:25  Protoss Ground Weapons Level 2 (Chrono Boost)  
  186  10:29  Zealot  
  186  10:33  Gateway  
  186  10:34  Gateway  
  188  10:37  Pylon  
  188  10:46  Protoss Ground Armor Level 2 (Chrono Boost)  
  184  10:50  Pylon  
  184  10:53  Pylon, Observer  
  184  10:55  Pylon  
  171  11:05  Nexus  
  171  11:09  Zealot  
  171  11:10  Zealot x9  
  191  11:16  Photon Cannon  
  191  11:17  Shield Battery  
  191  11:20  Pylon x2  
  191  11:21  Pylon  
  187  11:33  Disruptor  
  190  11:40  Zealot x5  
  190  11:45  Robotics Facility x2  
  190  11:46  Assimilator  
  188  11:59  Observer  
  146  12:05  Zealot x12  
  146  12:06  Colossus (Chrono Boost)  
  142  12:26  Zealot x9  
  158  12:33  Disruptor x2  
  163  12:49  Zealot x8  
  176  13:02  Stalker x4  
  142  13:19  Observer (Chrono Boost), Colossus (Chrono Boost)  
  155  13:20  Colossus (Chrono Boost)  
  155  13:30  Probe  
  155  13:31  Probe x3  
  159  13:36  Photon Cannon, Shield Battery  
  159  13:39  Nexus  
  159  13:40  Observer  
  158  13:44  Stalker x6  
  162  13:58  Zealot x6  
  162  14:02  Observer  
  148  14:22  Zealot x12  
  141  14:41  Colossus x2 (Chrono Boost)  
  139  14:55  Nexus  
  139  14:57  Colossus (Chrono Boost)  
  137  15:13  Pylon  
  137  15:17  Probe x5, Pylon  
  142  15:29  Probe, Stalker x3  
  142  15:30  Stalker x5  
  157  15:37  Probe x4  
  157  15:41  Probe, Pylon  
  160  15:49  Probe  
  161  15:59  Probe x4, Photon Cannon  
  161  16:00  Shield Battery  
  161  16:01  Probe  
  161  16:04  Templar Archives  
  166  16:05  Assimilator  
  166  16:06  Assimilator  
  166  16:09  Observer  
  166  16:10  Observer  
  166  16:11  Zealot x5  
  166  16:18  Nexus  
  174  16:28  Pylon, Zealot x7  
  188  16:34  Observer  
  188  16:36  Photon Cannon  
  188  16:37  Photon Cannon  
  167  16:48  Disruptor x2 (Chrono Boost)  
  167  16:49  Protoss Ground Armor Level 3 (Chrono Boost), Protoss Ground Weapons Level 3 (Chrono Boost)  
  154  16:58  Disruptor (Chrono Boost), Stalker  
  154  16:59  Stalker x6  
  166  17:14  Zealot x5  
  166  17:18  Disruptor x2  
  156  17:24  Zealot x3  
  156  17:25  Zealot x9  
  151  17:46  Stalker x6  
  151  17:47  Observer  
  151  18:02  Nexus  
  151  18:05  Zealot x5  
  160  18:15  Assimilator  
  160  18:20  Zealot x6  
  156  18:36  Disruptor  
  156  18:37  Disruptor  
  162  18:41  Zealot x9  
  162  18:46  Disruptor  
  176  19:00  Zealot x3  
  182  19:09  Zealot x7  
  139  19:18  Zealot x2, Observer  
  115  19:30  Zealot x10  
  133  19:33  Observer  
  133  19:37  Disruptor x2  
  139  19:48  Assimilator  
  139  19:52  Assimilator  
  138  19:57  Stalker x3  
  138  19:58  Zealot x7  
  149  20:27  Nexus  
  148  20:29  Disruptor (Chrono Boost)  
  148  20:33  Observer  
  149  20:48  Assimilator  
  149  20:49  Assimilator  
  147  20:52  Disruptor (Chrono Boost)  
  147  20:56  Nexus  
  148  21:15  Stalker x3  
  154  21:19  Assimilator  
  154  21:20  Assimilator  
  153  21:26  Stalker x3  
  153  21:29  Pylon  
  159  21:38  Zealot x4  
  159  21:39  Zealot x5  
  174  21:40  Observer (Chrono Boost)  
  172  21:47  Observer (Chrono Boost)  
  162  22:10  Zealot x3  
  162  22:11  Zealot x8  
  180  22:36  Nexus  
  149  23:01  Disruptor x3  
  149  23:04  Nexus  
  133  23:19  Probe  
  135  23:20  Probe x3  
  135  23:21  Pylon  
  137  23:32  Probe  
  138  23:34  Nexus  
  141  23:46  Zealot  
  133  23:55  Zealot x6  
  146  24:11  Disruptor (Chrono Boost)  
  142  24:26  Zealot  
  135  24:48  Zealot x4  
  135  24:49  Zealot x5  
  135  24:52  Disruptor  
  156  24:55  Cybernetics Core  
  147  25:10  Zealot x9  
  147  25:13  Templar Archives  
  157  25:27  Disruptor (Chrono Boost)  
  150  25:32  Probe x4  
  150  25:33  Probe x3  
  145  25:43  Stalker x7  
  145  25:44  Probe x3  
  145  25:45  Probe x2  
  164  25:50  High Templar x2, Robotics Facility  
  164  25:53  Robotics Facility  
  164  25:55  Archon  
  168  26:00  Shield Battery  
  168  26:04  Disruptor (Chrono Boost)  
  171  26:22  Zealot x9  
  180  26:34  Disruptor (Chrono Boost)  
  138  27:01  Stalker x3  
  138  27:02  Stalker x6  
  138  27:05  Disruptor  
  141  27:31  Zealot x9  
  142  27:56  Disruptor  
  109  28:10  Observer  
  106  28:13  Stalker x6  
  106  28:14  Observer  
  112  28:38  High Templar x4  
  120  28:43  Archon x2  
  98  29:39  Observer  
Show
View Real Time Build Order
Export as new Build Order

Kelazhur Terran - Winner!

Build Orders:  

Get SALT Encoding   

  12  0:00  SCV  
  13  0:12  SCV  
  14  0:17  Supply Depot  
  14  0:24  SCV  
  15  0:38  SCV  
  15  0:40  Barracks  
  16  0:42  Refinery  
  16  0:50  SCV  
  17  1:02  SCV  
  18  1:15  SCV  
  19  1:27  Orbital Command, Marine  
  20  1:37  Command Center  
  20  1:48  Factory  
  20  1:53  SCV  
  21  1:58  Supply Depot  
  21  2:02  Barracks Reactor  
  21  2:05  SCV  
  22  2:11  Bunker  
  22  2:17  SCV  
  23  2:29  SCV  
  24  2:31  Hellion  
  26  2:38  Starport  
  26  2:39  Marine x2  
  26  2:41  SCV  
  29  2:49  Orbital Command  
  29  2:53  Hellion  
  29  2:57  Marine x2  
  33  2:59  SCV  
  34  3:09  Refinery  
  34  3:12  SCV  
  35  3:14  Hellion, Marine x2  
  35  3:18  Medivac  
  41  3:21  SCV  
  41  3:24  SCV  
  43  3:32  Supply Depot  
  43  3:33  Marine x2  
  45  3:35  SCV  
  45  3:39  Factory Tech Lab  
  46  3:43  Supply Depot  
  46  3:50  Starport Tech Lab  
  46  3:53  SCV x2  
  48  3:58  Cyclone  
  48  4:00  Marine x2  
  53  4:05  SCV x2, Supply Depot  
  55  4:12  Viking  
  57  4:17  SCV x2  
  57  4:18  Marine x2  
  57  4:23  Supply Depot  
  61  4:29  SCV  
  61  4:30  SCV  
  61  4:31  Cyclone  
  66  4:36  Marine x2  
  66  4:37  Supply Depot  
  68  4:42  Viking  
  68  4:45  SCV  
  71  4:48  SCV  
  72  4:54  Marine  
  72  4:57  SCV  
  74  5:04  Marine  
  75  5:08  Command Center  
  75  5:09  SCV x2  
  75  5:10  Supply Depot  
  75  5:12  Viking  
  79  5:18  Cyclone  
  79  5:21  SCV  
  78  5:22  SCV  
  78  5:23  Marine  
  78  5:25  Marine  
  79  5:35  SCV  
  74  5:39  Barracks  
  74  5:41  Barracks, Marine  
  69  5:44  SCV  
  69  5:45  Engineering Bay  
  69  5:47  Refinery  
  69  5:48  Refinery  
  68  5:50  Supply Depot  
  68  5:53  Marine  
  68  5:54  SCV  
  68  5:59  Marine  
  67  6:09  Starport Tech Lab  
  59  6:11  Marine  
  59  6:12  SCV  
  59  6:16  Terran Infantry Weapons Level 1, Barracks  
  59  6:17  Barracks  
  59  6:18  SCV, Missile Turret  
  60  6:20  Orbital Command, Factory Reactor  
  60  6:23  Marine, Missile Turret  
  61  6:26  SCV  
  61  6:29  Bunker  
  61  6:30  SCV  
  63  6:35  Marine  
  63  6:38  SCV  
  63  6:39  Stimpack, Marauder x2, Combat Shield  
  69  6:43  Marine  
  69  6:44  SCV, Starport Reactor  
  71  6:50  SCV  
  71  6:53  Marine  
  74  6:55  Orbital Command  
  74  6:56  SCV  
  74  7:01  Marine, Marauder x2  
  79  7:03  SCV  
  79  7:05  Armory, Engineering Bay  
  79  7:06  Barracks Reactor  
  79  7:07  Barracks Tech Lab  
  80  7:09  SCV, Missile Turret  
  81  7:15  SCV  
  81  7:16  Marine  
  81  7:17  Factory Reactor  
  81  7:18  Marine  
  81  7:21  SCV, Supply Depot  
  81  7:22  Marauder x2  
  89  7:24  SCV  
  89  7:27  Marine x2, Marauder  
  89  7:28  SCV, Concussive Shells  
  89  7:29  Medivac x2  
  99  7:33  Marine, Terran Infantry Armor Level 1  
  99  7:34  Supply Depot  
  99  7:35  SCV  
  101  7:37  Marine  
  101  7:40  SCV  
  101  7:43  Marine  
  101  7:44  Bunker  
  104  7:45  Marauder  
  104  7:46  Supply Depot  
  104  7:47  Marine  
  104  7:48  Marine, SCV  
  104  7:50  Supply Depot  
  104  7:51  SCV  
  109  7:53  SCV  
  109  8:00  Marine x2, Marauder  
  109  8:01  SCV, Marauder  
  109  8:03  Widow Mine, SCV  
  109  8:05  SCV, Marine  
  119  8:09  Medivac x2  
  119  8:11  Marauder  
  126  8:13  SCV  
  126  8:15  SCV  
  126  8:19  SCV  
  129  8:21  Marine  
  129  8:22  Marauder  
  129  8:23  Marauder  
  129  8:24  Marine x3  
  137  8:28  Ghost Academy  
  137  8:31  Widow Mine x2  
  137  8:33  Marauder  
  143  8:39  Marine  
  143  8:40  SCV  
  144  8:42  Marine  
  144  8:43  Marauder, Medivac  
  149  8:49  Supply Depot  
  149  8:50  Refinery  
  149  8:59  Refinery, Supply Depot  
  149  9:01  Supply Depot  
  149  9:02  Terran Infantry Weapons Level 2  
  149  9:11  Widow Mine, Marine x2, Marauder x2  
  157  9:21  Widow Mine, Marine x2, Marauder  
  162  9:27  Command Center  
  162  9:28  Marine x2  
  164  9:33  Widow Mine, Marauder x2  
  164  9:34  Medivac  
  172  9:38  Marine  
  172  9:39  Medivac  
  172  9:41  Supply Depot  
  173  9:49  Widow Mine, Marine x2, Marauder  
  173  9:51  Terran Infantry Armor Level 2  
  160  9:56  Marine x2  
  164  10:00  Marauder  
  164  10:03  Barracks, Missile Turret  
  164  10:04  Barracks  
  164  10:10  Marine x2  
  164  10:11  Marauder, Ghost  
  170  10:14  Marine  
  170  10:18  Marine  
  170  10:19  Medivac  
  170  10:20  Ghost  
  176  10:23  Supply Depot  
  176  10:29  Viking  
  178  10:40  Ghost  
  178  10:41  Marine x4  
  184  10:49  Viking  
  177  10:59  Medivac  
  177  11:01  Widow Mine x2  
  177  11:02  Marine x2  
  177  11:03  Marine x2, Marauder  
  165  11:05  Marine  
  165  11:06  Barracks Tech Lab x2  
  165  11:07  Missile Turret  
  166  11:16  Marauder  
  168  11:23  Marauder, Medivac  
  168  11:25  Widow Mine x2, Marauder  
  178  11:26  Ghost  
  178  11:40  Marine, Viking  
  181  11:49  Command Center  
  181  11:52  Supply Depot  
  181  11:53  Viking  
  150  12:02  Marauder  
  150  12:03  Marauder, Marine  
  150  12:05  Marine x2, Marauder  
  150  12:06  Widow Mine x2, Marine x2  
  150  12:07  Marine  
  158  12:10  Viking  
  158  12:15  Supply Depot  
  160  12:21  Marine, Terran Infantry Weapons Level 3  
  161  12:23  Marine, Viking, Marauder  
  161  12:27  Widow Mine, Ghost  
  161  12:28  Widow Mine  
  169  12:40  Viking  
  171  12:44  Marine x4  
  171  12:45  Marine x2  
  177  12:53  Viking  
  177  12:55  Terran Infantry Armor Level 3  
  158  13:06  Marine x6  
  158  13:08  Marauder x2  
  158  13:10  Widow Mine x2, Medivac  
  170  13:15  Marauder  
  172  13:23  Marine, Medivac  
  172  13:24  Marauder  
  172  13:26  Marauder  
  179  13:28  Marine x3  
  182  13:36  SCV  
  182  13:37  SCV  
  182  13:39  Liberator, Ghost  
  188  13:44  Missile Turret  
  187  13:52  Command Center  
  187  14:01  Marauder x2  
  184  14:04  Marine  
  184  14:05  Marauder x2  
  184  14:08  Marine  
  184  14:09  Marauder  
  191  14:12  Marine  
  191  14:16  Marine  
  189  14:22  Marauder x2, Marine  
  189  14:23  Widow Mine  
  186  14:26  Marine, Marauder x2  
  160  14:43  Marauder x2  
  147  14:46  Widow Mine  
  147  14:47  Medivac  
  147  14:48  SCV x2, Medivac  
  147  14:50  Planetary Fortress  
  151  14:55  Marine x2, Marauder  
  155  15:04  Marine  
  155  15:05  Marine, Marauder  
  159  15:07  Widow Mine  
  159  15:08  Widow Mine  
  163  15:17  Liberator x2  
  169  15:24  SCV x2  
  171  15:29  Ghost x2  
  171  15:30  Ghost  
  177  15:36  SCV x2, Ghost  
  177  15:37  Orbital Command  
  181  15:44  Ghost  
  182  15:53  Marine  
  182  15:54  Marine  
  182  15:55  Marine  
  183  15:59  Marauder x3, Marine  
  190  16:05  Marauder  
  190  16:11  Marine  
  190  16:14  Marauder  
  191  16:20  Marauder x3  
  191  16:22  Marine  
  191  16:24  Widow Mine  
  195  16:41  Marauder  
  195  16:42  Marauder  
  195  16:45  Marine  
  200  16:56  Command Center  
  194  17:11  Marauder x2  
  189  17:18  Marauder x2  
  189  17:19  Marauder  
  189  17:22  Liberator x2  
  181  17:27  Marine x2  
  187  17:32  Marauder x2  
  179  17:39  Marauder x2  
  179  17:40  Marauder  
  176  17:48  Marine x4  
  171  17:53  Marauder  
  171  17:54  Marauder  
  171  17:55  SCV x2  
  171  17:57  SCV  
  171  17:58  SCV  
  176  18:00  Marauder x2  
  176  18:01  Marine  
  176  18:05  Widow Mine x2  
  185  18:06  Marine x4  
  185  18:07  SCV  
  185  18:08  SCV  
  185  18:10  Barracks  
  185  18:11  Barracks  
  191  18:14  Liberator x2, Marine  
  191  18:15  Marauder  
  200  18:21  Command Center  
  196  18:31  Marauder x2  
  196  18:32  Marauder  
  196  18:33  Marauder  
  190  18:36  Widow Mine x2, Marauder  
  196  18:48  Marine x4  
  196  18:55  Refinery  
  200  18:58  Missile Turret  
  200  19:00  Marauder  
  191  19:11  Marine x2, Marauder  
  172  19:23  Marine  
  172  19:24  Marauder x2  
  159  19:25  Widow Mine x2, Medivac x2  
  159  19:29  Marauder  
  162  19:36  Ghost x2  
  162  19:37  Marine  
  162  19:38  Planetary Fortress  
  165  19:45  SCV x4  
  169  19:47  Barracks Tech Lab x2  
  169  19:49  Missile Turret  
  169  19:58  Ghost x3  
  175  20:05  Marauder x2, Ghost x2  
  163  20:15  SCV x3  
  163  20:19  Marine x4  
  167  20:27  Marauder x2, Marine, Ghost  
  162  20:37  Marine x3, Marauder x2  
  162  20:38  Widow Mine x2  
  170  20:55  Planetary Fortress  
  170  20:57  SCV x3, Missile Turret  
  171  21:13  Ghost x2  
  171  21:14  Ghost  
  177  21:21  Ghost  
  176  21:28  Marine  
  177  21:36  Widow Mine  
  177  21:37  Widow Mine, Marine x2, Marauder  
  177  21:38  Marine, Marauder x2  
  165  21:55  Marauder x2  
  169  22:02  Command Center  
  169  22:04  Marauder  
  169  22:05  Marauder, Marine x2  
  175  22:12  Liberator  
  178  22:17  Liberator  
  181  22:26  Marauder  
  181  22:27  Marauder  
  160  22:49  Marauder x3  
  160  22:50  Marauder x3  
  148  22:52  Marine  
  148  22:54  Marine  
  148  22:55  Marine  
  149  23:12  Marauder x2  
  146  23:14  Marauder x2  
  146  23:15  Medivac  
  146  23:19  Medivac  
  154  23:25  Marine, Marauder  
  157  23:31  Marauder  
  157  23:32  Marine  
  159  23:40  Marauder  
  159  23:42  Marine  
  159  23:46  SCV x2  
  159  23:47  Marauder  
  159  23:54  Marauder x2  
  154  23:56  Marine  
  154  23:58  Marine  
  156  24:06  Marauder  
  156  24:07  Marine  
  156  24:08  SCV x2  
  159  24:10  Marine  
  158  24:23  Marauder  
  159  24:25  Marauder  
  160  24:39  Marauder  
  160  24:52  Medivac x2  
  160  24:54  Widow Mine x2, SCV x2  
  160  24:55  SCV  
  171  25:03  Marauder  
  171  25:04  Marine x2  
  153  25:09  Marine x2, Marauder  
  153  25:12  Marine  
  155  25:14  Marine x2  
  155  25:15  Refinery  
  155  25:16  SCV  
  149  25:24  Marauder  
  149  25:27  SCV  
  149  25:30  Marine x8  
  149  25:32  Marine x2  
  158  25:38  SCV x2  
  159  25:43  SCV  
  160  25:50  SCV  
  160  25:51  SCV  
  160  25:55  SCV, Refinery  
  160  25:56  Refinery  
  163  26:02  SCV  
  162  26:06  Planetary Fortress  
  162  26:08  SCV x3  
  165  26:21  Marauder x2  
  165  26:25  Marauder  
  171  26:30  Marauder  
  171  26:31  SCV x3  
  171  26:32  Missile Turret  
  174  26:40  SCV  
  174  26:43  SCV x2  
  171  26:47  Marine  
  171  26:48  Marauder x2, SCV  
  171  26:52  SCV  
  171  26:53  Marine  
  177  26:55  SCV x2  
  177  27:00  SCV x2  
  174  27:03  Marauder  
  176  27:10  SCV x3  
  173  27:16  Marauder  
  173  27:21  Marine  
  173  27:22  Marauder  
  175  27:23  SCV  
  175  27:31  Medivac x2  
  170  27:40  Marauder x2  
  169  27:50  Marauder x2  
  162  28:00  Marauder, Medivac  
  162  28:01  Medivac  
  162  28:03  Marauder  
  162  28:07  Marauder  
  162  28:08  Marine x3  
  162  28:09  SCV  
  165  28:14  Orbital Command  
  159  28:25  Marauder  
  151  28:29  Marauder x3, Marine x2  
  159  28:46  Ghost  
  149  29:08  Ghost  
  146  29:12  Marine  
  146  29:13  Marine  
  146  29:14  Widow Mine x2  
  137  29:29  Marauder x2  
  132  29:33  Marine  
  132  29:34  Marine, Marauder  
  132  29:37  Marauder  
  138  29:45  Marine x3, Marauder x2  
  138  30:00  Marauder x2  
  138  30:01  Marauder x2  
  138  30:04  Marauder  
  138  30:06  Marauder  
Tags
 
Add a new tag
Caveats
  • Supply blocks, unpowered buildings, or Contaminate may cause inaccurate times.
  • Supply counts are checked every 10 seconds.